[Event "ICC tourney 3188 (40 10)"]
[Site "Internet Chess Club"]
[Date "2023.05.06"]
[Round "1"]
[White "Ozturk, Serkan:Serkanozt77"]
[Black "SHEEHAN, ETHAN THOMAS:Chessking2008"]
[Result "0-1"]
[ICCResult "White resigns"]
[WhiteElo "1844"]
[BlackElo "2317"]
[Opening "Sicilian: Najdorf"]
[ECO "B90"]
[NIC "SI.14"]
[Time "11:07:52"]
[PlyCount "60"]
[TimeControl "2400+10"]

1. e4 c5 2. Nf3 d6 3. d4 cxd4 4. Nxd4 Nf6 5. Nc3 a6 6. Bd3 g6 7. O-O Bg7 8.
Be3 Ng4 9. Qe1 O-O 10. f3 Nxe3 11. Qxe3 Qb6 12. Nf5 Qxe3+ 13. Nxe3 Be6 14.
Ned5 Nc6 15. Nc7 Rac8 16. Nxe6 fxe6 17. Ne2 Nb4 18. a4 Nxc2 19. Rab1 Nb4 20.
Rfd1 Rc5 21. Kf2 Rfc8 22. Ke3 Bh6+ 23. f4 e5 24. g3 exf4+ 25. gxf4 Rh5 26.
Rbc1 Rh3+ 27. Ng3 Rxc1 28. Rxc1 Bxf4+ 29. Kxf4 Nxd3+ 30. Kg4 Rxg3+
{White resigns}
0-1

[Event "ICC tourney 3188 (40 10)"]
[Site "Internet Chess Club"]
[Date "2023.05.06"]
[Round "1"]
[White "MARKOVIC, GORAN:Goran21"]
[Black "GHOSH, PRARTHAN:PRGHO296"]
[Result "0-1"]
[ICCResult "White resigns"]
[WhiteElo "2049"]
[BlackElo "1822"]
[Opening "French: King's Indian attack"]
[ECO "C00"]
[NIC "FR.02"]
[Time "11:24:26"]
[PlyCount "96"]
[TimeControl "2400+10"]

1. e4 e6 2. d3 d5 3. Nd2 Nf6 4. g3 Nc6 5. Bg2 Bc5 6. Ngf3 dxe4 7. dxe4 e5 8.
O-O O-O 9. h3 a5 10. a4 b6 11. Re1 Ba6 12. c3 Qd7 13. Qb3 Rad8 14. Nc4 Qe6
15. Bf1 Nd7 16. Ng5 Qf6 17. Qc2 Bxc4 18. Bxc4 h6 19. Nxf7 Rxf7 20. Be3 Kh8
21. Bxf7 Qxf7 22. Rad1 Rf8 23. Rd2 Bd6 24. Qd1 Nc5 25. Qg4 Nxa4 26. Rf1 Nc5
27. f3 Be7 28. Kg2 h5 29. Qf5 Qe8 30. Bxc5 Rxf5 31. Bxe7 Rf7 32. Ba3 Rd7 33.
Rfd1 Nb8 34. c4 c5 35. b3 Kh7 36. Bb2 Rxd2+ 37. Rxd2 Nc6 38. Rd6 Nd4 39.
Rxb6 Qf8 40. Bxd4 cxd4 41. Rb5 Qa3 42. h4 Qb2+ 43. Kh3 d3 44. Rd5 d2 45. c5
Qc2 46. Rxd2 Qxd2 47. c6 Qc1 48. Kg2 Qxc6 {White resigns} 0-1

[Event "ICC tourney 3188 (40 10)"]
[Site "Internet Chess Club"]
[Date "2023.05.06"]
[Round "1"]
[White "Pendse, Vihaan:awakeprize"]
[Black "Pan, Zachary:panfeng1"]
[Result "0-1"]
[ICCResult "White resigns"]
[WhiteElo "2007"]
[BlackElo "1726"]
[Opening "Réti: Nimzovich-Larsen attack"]
[ECO "A06"]
[NIC "QP.09"]
[Time "11:01:08"]
[PlyCount "110"]
[TimeControl "2400+10"]

1. Nf3 d5 2. b3 c6 3. e3 Nf6 4. Bb2 e6 5. c4 Be7 6. Be2 O-O 7. O-O Nbd7 8.
d4 a6 9. Nbd2 b6 10. Ne5 Nxe5 11. dxe5 Nd7 12. Nf3 b5 13. cxd5 cxd5 14. Bd4
Bb7 15. Rc1 Nb8 16. Bc5 Nc6 17. Rc2 Rc8 18. Qc1 Bxc5 19. Rxc5 b4 20. Rd1 Ne7
21. Rd2 Qb6 22. Rdc2 Rxc5 23. Rxc5 Rc8 24. Rxc8+ Nxc8 25. Nd4 Ne7 26. Kf1
Nc6 27. Nxc6 Bxc6 28. Qc2 g6 29. Qb2 Bb5 30. Qc2 Bxe2+ 31. Kxe2 Qb5+ 32. Kd2
Qf1 33. Qc8+ Kg7 34. Qd8 Qxf2+ 35. Kd3 Qf5+ 36. Kd4 Qe4+ 37. Kc5 Qxe3+ 38.
Kxb4 Qxe5 39. Qb6 Qe1+ 40. Ka3 Qc1+ 41. Ka4 Qf4+ 42. Ka3 Qxh2 43. Qxa6 Qxg2
44. b4 Qf3+ 45. Ka4 d4 46. Qd6 d3 47. b5 Qe4+ 48. Kb3 h5 49. b6 Qe2 50. Kc3
Qc2+ 51. Kb4 d2 52. Qd4+ Kh7 53. b7 d1=Q 54. Qxd1 Qxd1 55. b8=Q Qb1+
{White resigns}
0-1

[Event "ICC tourney 3188 (40 10)"]
[Site "Internet Chess Club"]
[Date "2023.05.06"]
[Round "1"]
[White "Belous, Vladimir:Openyagami"]
[Black "CHINNI, RISHABH:alphachesplayer"]
[Result "1-0"]
[ICCResult "Black resigns"]
[WhiteElo "2594"]
[BlackElo "1987"]
[Opening "English: four knights, 4.e3"]
[ECO "A28"]
[NIC "EO.05"]
[Time "11:01:07"]
[PlyCount "67"]
[TimeControl "2400+10"]

1. c4 Nf6 2. Nc3 e5 3. Nf3 Nc6 4. e3 Bb4 5. Qc2 O-O 6. Nd5 Bc5 7. a3 a5 8.
b3 d6 9. Bb2 Nxd5 10. cxd5 Ne7 11. Bd3 h6 12. Nxe5 Nxd5 13. Nf3 Nf6 14. O-O
Bg4 15. Nd4 Bxd4 16. Bxd4 c5 17. Bb2 Qe7 18. f4 Rac8 19. f5 d5 20. Rf4 c4
21. bxc4 b5 22. c5 Rxc5 23. Bxf6 Qxf6 24. Qxc5 Qxa1+ 25. Rf1 Qb2 26. f6 g6
27. Bxg6 fxg6 28. Qe7 Rxf6 29. Rxf6 Qc1+ 30. Kf2 Qxd2+ 31. Kg3 Qe1+ 32. Kxg4
Qe2+ 33. Kg3 Qe1+ 34. Kh3 {Black resigns} 1-0

[Event "ICC tourney 3188 (40 10)"]
[Site "Internet Chess Club"]
[Date "2023.05.06"]
[Round "1"]
[White "OPASKA, MICHAEL:mopaska1106"]
[Black "MAMMADOV, ZAUR:zaur94"]
[Result "0-1"]
[ICCResult "White resigns"]
[WhiteElo "1934"]
[BlackElo "2541"]
[Opening "QGD semi-Slav: Meran variation"]
[ECO "D47"]
[NIC "SL.09"]
[Time "11:01:06"]
[PlyCount "60"]
[TimeControl "2400+10"]

1. d4 d5 2. c4 c6 3. Nc3 Nf6 4. e3 e6 5. Nf3 Nbd7 6. Be2 dxc4 7. Bxc4 b5 8.
Be2 b4 9. Nb1 Bb7 10. O-O c5 11. Nbd2 Be7 12. dxc5 O-O 13. c6 Bxc6 14. Nd4
Bb7 15. Bf3 Nd5 16. e4 Nf4 17. Nc4 Ng6 18. Re1 Nde5 19. Nxe5 Nxe5 20. Bf4
Bf6 21. Be2 Bxe4 22. Bf1 Qd5 23. Nb5 Ng6 24. Qe2 Nxf4 25. Qxe4 Qxe4 26. Rxe4
Nd5 27. Nd4 Rac8 28. Rd1 Rfd8 29. Ba6 Rc7 30. g3 Ne7 {White resigns} 0-1

[Event "ICC tourney 3188 (40 10)"]
[Site "Internet Chess Club"]
[Date "2023.05.06"]
[Round "1"]
[White "YAN, RUIYANG:jy2020"]
[Black "GHOSH, YOHAN:luckylion"]
[Result "1-0"]
[ICCResult "Black checkmated"]
[WhiteElo "2352"]
[BlackElo "1845"]
[Opening "Sicilian: accelerated fianchetto, Maróczy bind, 6.Be3"]
[ECO "B38"]
[NIC "SI.33"]
[Time "11:01:06"]
[PlyCount "99"]
[TimeControl "2400+10"]

1. e4 c5 2. Nf3 Nc6 3. d4 cxd4 4. Nxd4 g6 5. c4 Bg7 6. Be3 Nf6 7. Nc3 O-O 8.
Be2 d6 9. O-O Bd7 10. Qd2 Nxd4 11. Bxd4 Bc6 12. f3 b6 13. Rab1 Rc8 14. b4
Nh5 15. Be3 Qd7 16. Rfc1 Bb7 17. Nb5 Ba6 18. Nd4 Rc7 19. a4 Re8 20. a5 bxa5
21. b5 Bb7 22. Qxa5 Nf4 23. Bf1 f5 24. exf5 gxf5 25. Nc6 Bh6 26. Qd2 e5 27.
Nxa7 Qg7 28. Kh1 Re6 29. Nc6 Rg6 30. c5 d5 31. Bxf4 Bxf4 32. Qxd5+ Kh8 33.
Qd8+ Qg8 34. Qxg8+ Rxg8 35. Re1 Rg6 36. Nxe5 Rh6 37. h3 Re7 38. Ng6+ hxg6
39. Rxe7 Bd5 40. Rd1 Rxh3+ 41. gxh3 Bxf3+ 42. Bg2 Bxd1 43. b6 Bb3 44. b7 Bg8
45. c6 g5 46. c7 g4 47. hxg4 fxg4 48. c8=Q Bh2 49. Qc3+ Be5 50. Qxe5#
{Black checkmated}
1-0

[Event "ICC tourney 3188 (40 10)"]
[Site "Internet Chess Club"]
[Date "2023.05.06"]
[Round "1"]
[White "WILLY, STEPHEN:stephenwilly"]
[Black "INDUKURI, SUHAS VARMA:Suhas12"]
[Result "0-1"]
[ICCResult "White resigns"]
[WhiteElo "2118"]
[BlackElo "1832"]
[Opening "Sicilian: Alapin's variation (2.c3)"]
[ECO "B22"]
[NIC "SI.46"]
[Time "11:01:11"]
[PlyCount "78"]
[TimeControl "2400+10"]

1. e4 c5 2. c3 d5 3. exd5 Qxd5 4. d4 Nc6 5. Nf3 Nf6 6. Na3 Bg4 7. Be3 e6 8.
dxc5 O-O-O 9. Be2 Qxd1+ 10. Rxd1 Rxd1+ 11. Bxd1 Nd5 12. Nc4 Nxe3 13. Nxe3
Bxf3 14. Bxf3 Bxc5 15. Nc4 Rd8 16. Ke2 f6 17. a4 a6 18. b4 Bd6 19. Bxc6 bxc6
20. Rd1 Bc7 21. Rxd8+ Kxd8 22. Ke3 Kd7 23. h4 h5 24. Nd2 Bb6+ 25. Ke2 e5 26.
Nc4 Ba7 27. f3 Ke6 28. Na5 Kd5 29. c4+ Kd6 30. c5+ Kd5 31. Ke3 f5 32. Kd3
e4+ 33. fxe4+ fxe4+ 34. Ke3 Bb8 35. Nb3 Be5 36. Nd2 Bd4+ 37. Ke2 Bc3 38. b5
axb5 39. axb5 Bxd2 {White resigns} 0-1

[Event "ICC tourney 3188 (40 10)"]
[Site "Internet Chess Club"]
[Date "2023.05.06"]
[Round "1"]
[White "Volkov, Sergey:Volkov"]
[Black "SHERNOFF, LEON:LeonShernoff"]
[Result "1-0"]
[ICCResult "Black forfeits on time"]
[WhiteElo "2503"]
[BlackElo "1924"]
[Opening "QGD Slav defense"]
[ECO "D10"]
[NIC "SL.01"]
[Time "11:01:08"]
[PlyCount "59"]
[TimeControl "2400+10"]

1. d4 d5 2. c4 c6 3. e3 Nf6 4. Nc3 a6 5. Nf3 Bf5 6. Qb3 Ra7 7. Nh4 Bc8 8. g3
e6 9. Bg2 Be7 10. O-O O-O 11. f4 Re8 12. Bd2 dxc4 13. Qxc4 b5 14. Qe2 c5 15.
dxc5 Bxc5 16. Kh1 Rd7 17. Rad1 Qc7 18. e4 Bb7 19. e5 Bxg2+ 20. Nxg2 Nd5 21.
Ne4 Bf8 22. Rc1 Qb7 23. a3 Nc6 24. Qf2 Nb6 25. Bc3 Nc4 26. Qf3 a5 27. b3 Nb6
28. Bb2 Nd5 29. f5 exf5 30. Qxf5 {Black forfeits on time} 1-0

[Event "ICC tourney 3188 (40 10)"]
[Site "Internet Chess Club"]
[Date "2023.05.06"]
[Round "1"]
[White "VALE CRUZ, ARMIN:trucker"]
[Black "KOEHL, EVAN:MacAndSneeze"]
[Result "0-1"]
[ICCResult "White resigns"]
[WhiteElo "1784"]
[BlackElo "2037"]
[Opening "Caro-Kann: Tartakower (Nimzovich) variation"]
[ECO "B15"]
[NIC "CK.06"]
[Time "11:01:08"]
[PlyCount "60"]
[TimeControl "2400+10"]

1. e4 c6 2. d4 d5 3. Nc3 dxe4 4. Nxe4 Nf6 5. Nxf6+ exf6 6. c3 Bd6 7. Bd3 O-O
8. Be3 Re8 9. Qc2 h5 10. O-O-O Be6 11. Kb1 Nd7 12. Ne2 Qc7 13. Ng3 Nf8 14.
Rde1 c5 15. dxc5 Bxc5 16. Qa4 Red8 17. Bc2 Bxe3 18. Rxe3 Bc4 19. Nxh5 b5 20.
Qb4 Rd7 21. Rg3 Ng6 22. b3 a5 23. Qa3 Be2 24. Nxf6+ gxf6 25. Bxg6 fxg6 26.
Rxg6+ Kf7 27. Rg3 Rc8 28. Qc1 Bd3+ 29. Kb2 b4 30. c4 Qe5+ {White resigns}
0-1

[Event "ICC tourney 3188 (40 10)"]
[Site "Internet Chess Club"]
[Date "2023.05.06"]
[Round "1"]
[White "JIN, JERRY:MysteryHunter"]
[Black "IVANOV, ALEXANDER:marble"]
[Result "0-1"]
[ICCResult "White checkmated"]
[WhiteElo "1918"]
[BlackElo "2488"]
[Opening "Robatsch (modern) defense"]
[ECO "B06"]
[NIC "KF.05"]
[Time "11:09:36"]
[PlyCount "98"]
[TimeControl "2400+10"]

1. e4 g6 2. d4 Bg7 3. Nf3 d6 4. Bc4 Nf6 5. Nc3 O-O 6. O-O Bg4 7. h3 Bxf3 8.
Qxf3 Nc6 9. Be3 e5 10. d5 Ne7 11. Qe2 Nd7 12. Qd2 f5 13. exf5 gxf5 14. f4
Ng6 15. fxe5 Ndxe5 16. Bd3 f4 17. Bxf4 Rxf4 18. Rxf4 Nxd3 19. cxd3 Bh6 20.
g3 Nxf4 21. gxf4 Qh4 22. Rf1 Rf8 23. Rf3 Bxf4 24. Qf2 Bh2+ 25. Kf1 Qxf2+ 26.
Rxf2 Be5 27. Rxf8+ Kxf8 28. Nb5 a6 29. Nxc7 Bxb2 30. Ke2 Ke7 31. a4 Kf6 32.
Ne6 Ke5 33. a5 Bc3 34. Ng5 h5 35. Kf3 Bxa5 36. Nf7+ Kxd5 37. Kg3 Be1+ 38.
Kf4 Bd2+ 39. Kg3 a5 40. Kh4 a4 41. Kxh5 a3 42. Kg6 a2 43. h4 a1=Q 44. h5
Qg1+ 45. Kh7 Ke6 46. Nd8+ Kf6 47. h6 Qg6+ 48. Kh8 Qxh6+ 49. Kg8 Qg7#
{White checkmated}
0-1

[Event "ICC tourney 3188 (40 10)"]
[Site "Internet Chess Club"]
[Date "2023.05.06"]
[Round "1"]
[White "LI, MASON JIN:iamlifamily"]
[Black "ARUTLA, ADITYA:adiaru27"]
[Result "1-0"]
[ICCResult "Black checkmated"]
[WhiteElo "1830"]
[BlackElo "2096"]
[Opening "Giuoco Piano"]
[ECO "C50"]
[NIC "IG.02"]
[Time "11:01:08"]
[PlyCount "111"]
[TimeControl "2400+10"]

1. e4 e5 2. Nf3 Nc6 3. Bc4 Bc5 4. O-O Nf6 5. d3 O-O 6. c3 d6 7. Bg5 a5 8. a4
h6 9. Bh4 g5 10. Bg3 Ba7 11. Nbd2 Nh7 12. Kh1 Qf6 13. Ng1 Qg6 14. f3 Kg7 15.
Bf2 Bxf2 16. Rxf2 f5 17. Qe2 f4 18. Nb3 h5 19. d4 g4 20. Rff1 g3 21. h3 Qg5
22. Rfd1 Qh4 23. Qd2 Ng5 24. Bf1 Kh8 25. c4 Rg8 26. c5 Rg6 27. Rac1 Bg4 28.
d5 Ne7 29. cxd6 cxd6 30. Re1 Rag8 31. Re2 Bd7 32. Rc7 Bxa4 33. Rxe7 Bxb3 34.
Qd3 a4 35. Rxb7 Nh7 36. Rd2 Nf6 37. Be2 Ne8 38. Qa6 Qd8 39. Bc4 Bxc4 40.
Qxc4 R6g7 41. Rxg7 Rxg7 42. Qxa4 Rc7 43. Rc2 h4 44. Rxc7 Nxc7 45. Qc6 Kg7
46. b4 Kf7 47. b5 Ke7 48. b6 Ne8 49. b7 Nc7 50. Ne2 Qb8 51. Nc3 Qd8 52. Nb5
Nxb5 53. Qc8 Qa5 54. Qe6+ Kf8 55. b8=Q+ Kg7 56. Qbg8# {Black checkmated} 1-0

[Event "ICC tourney 3188 (40 10)"]
[Site "Internet Chess Club"]
[Date "2023.05.06"]
[Round "2"]
[White "MAMMADOV, ZAUR:zaur94"]
[Black "XIA, JOSHUA:MathMonkey"]
[Result "1-0"]
[ICCResult "Black checkmated"]
[WhiteElo "2541"]
[BlackElo "1997"]
[Opening "Four knights game"]
[ECO "C47"]
[NIC "KP.06"]
[Time "13:16:32"]
[PlyCount "61"]
[TimeControl "2400+10"]

1. e4 e5 2. Nf3 Nc6 3. Nc3 Nf6 4. h3 Bc5 5. Nxe5 Nxe5 6. d4 Bd6 7. dxe5 Bxe5
8. Bd3 O-O 9. O-O Bxc3 10. bxc3 d6 11. Bg5 h6 12. Bh4 Be6 13. f4 Qe7 14. Re1
g5 15. fxg5 Nh7 16. e5 dxe5 17. Bxh7+ Kh8 18. Be4 f5 19. gxf6 Qf7 20. Qf3
Rg8 21. Bxb7 Rad8 22. Rxe5 Rg6 23. Rae1 Rd6 24. Qe3 Kg8 25. Rxe6 Rxe6 26.
Qxe6 Qxe6 27. Rxe6 h5 28. Bd5 Kh7 29. Be4 Kh6 30. f7 Rxe6 31. f8=Q#
{Black checkmated}
1-0

[Event "ICC tourney 3188 (40 10)"]
[Site "Internet Chess Club"]
[Date "2023.05.06"]
[Round "2"]
[White "GHOSH, YOHAN:luckylion"]
[Black "MARKOVIC, GORAN:Goran21"]
[Result "1-0"]
[ICCResult "Black checkmated"]
[WhiteElo "1845"]
[BlackElo "2049"]
[Opening "Sicilian"]
[ECO "B54"]
[NIC "SI.01"]
[Time "13:16:32"]
[PlyCount "45"]
[TimeControl "2400+10"]

1. e4 c5 2. Nf3 d6 3. d4 cxd4 4. Nxd4 e5 5. Nf3 Nf6 6. Nc3 a6 7. Bc4 Be7 8.
O-O O-O 9. Bg5 Nbd7 10. Qe2 b5 11. Bb3 b4 12. Bxf6 Nxf6 13. Nd5 a5 14. Rad1
Ba6 15. Bc4 Nxd5 16. Rxd5 Bb7 17. Rd3 Qc7 18. b3 Kh8 19. Rfd1 f5 20. Nxe5
Bxe4 21. Ng6+ hxg6 22. Rh3+ Bh4 23. Rxh4# {Black checkmated} 1-0

[Event "ICC tourney 3188 (40 10)"]
[Site "Internet Chess Club"]
[Date "2023.05.06"]
[Round "2"]
[White "IVANOV, ALEXANDER:marble"]
[Black "LI, MASON JIN:iamlifamily"]
[Result "1-0"]
[ICCResult "Black resigns"]
[WhiteElo "2488"]
[BlackElo "1830"]
[Opening "Sicilian: Najdorf, Adams attack"]
[ECO "B90"]
[NIC "SI.14"]
[Time "13:16:34"]
[PlyCount "36"]
[TimeControl "2400+10"]

1. e4 c5 2. Nf3 d6 3. d4 cxd4 4. Nxd4 Nf6 5. Nc3 a6 6. h3 e5 7. Nde2 h5 8.
Bg5 Be7 9. Ng3 g6 10. Bc4 b5 11. Bxf6 Bxf6 12. Bxf7+ Kxf7 13. Qd5+ Be6 14.
Qxa8 Qd7 15. Nd5 Nc6 16. Nxf6 Rxa8 17. Nxd7 Bxd7 18. O-O-O Nb4 {Black
resigns} 1-0

[Event "ICC tourney 3188 (40 10)"]
[Site "Internet Chess Club"]
[Date "2023.05.06"]
[Round "2"]
[White "SHEEHAN, ETHAN THOMAS:Chessking2008"]
[Black "Pan, Zachary:panfeng1"]
[Result "1-0"]
[ICCResult "Black resigns"]
[WhiteElo "2317"]
[BlackElo "1726"]
[Opening "Sicilian: Anderssen variation"]
[ECO "B41"]
[NIC "SI.41"]
[Time "13:17:17"]
[PlyCount "81"]
[TimeControl "2400+10"]

1. e4 c5 2. Nf3 e6 3. d4 cxd4 4. Nxd4 Nf6 5. Nc3 Nc6 6. Nxc6 bxc6 7. e5 Nd5
8. Ne4 Qc7 9. f4 Qb6 10. c4 Ne3 11. Qd3 Nxf1 12. Rxf1 Bb4+ 13. Bd2 Bxd2+ 14.
Qxd2 O-O 15. O-O-O d5 16. exd6 Ba6 17. b3 Rfd8 18. f5 exf5 19. Rxf5 Rab8 20.
Qc3 Qb4 21. Qxb4 Rxb4 22. Nc5 Bxc4 23. Rf4 Bxb3 24. Rxb4 Bxd1 25. Nb7 Rd7
26. Kxd1 f6 27. Kd2 Kf7 28. Kd3 Kg6 29. Kd4 a5 30. Rb1 Kf7 31. Kc5 Ke8 32.
Kxc6 Rf7 33. Re1+ Kf8 34. d7 Rxd7 35. Kxd7 Kf7 36. Nxa5 Kg6 37. Nc6 Kf5 38.
a4 Kg6 39. a5 Kf5 40. a6 Kg6 41. a7 {Black resigns} 1-0

[Event "ICC tourney 3188 (40 10)"]
[Site "Internet Chess Club"]
[Date "2023.05.06"]
[Round "2"]
[White "GHOSH, PRARTHAN:PRGHO296"]
[Black "YAN, RUIYANG:jy2020"]
[Result "0-1"]
[ICCResult "White resigns"]
[WhiteElo "1822"]
[BlackElo "2352"]
[Opening "Queen's pawn game"]
[ECO "A46"]
[NIC "QP.05"]
[Time "13:16:30"]
[PlyCount "50"]
[TimeControl "2400+10"]

1. d4 Nf6 2. Nf3 e6 3. Bf4 d5 4. Nbd2 Bd6 5. Ne5 c5 6. e3 O-O 7. c3 b6 8.
Bd3 Bb7 9. Qf3 Nc6 10. h4 Qc7 11. Qg3 Nh5 12. Qg5 Nxf4 13. exf4 f6 14. Qh5
g6 15. Nxg6 hxg6 16. Bxg6 Qg7 17. dxc5 Bxf4 18. cxb6 axb6 19. Nf3 Ne5 20.
Nxe5 Bxe5 21. Qg4 f5 22. Qg5 Bxc3+ 23. Kf1 Bxb2 24. Re1 Rxa2 25. h5 Bd4
{White resigns}
0-1

[Event "ICC tourney 3188 (40 10)"]
[Site "Internet Chess Club"]
[Date "2023.05.06"]
[Round "2"]
[White "ARUTLA, ADITYA:adiaru27"]
[Black "JIN, JERRY:MysteryHunter"]
[Result "1-0"]
[ICCResult "Black resigns"]
[WhiteElo "2096"]
[BlackElo "1918"]
[Opening "Sicilian: Najdorf, Byrne (English) attack"]
[ECO "B90"]
[NIC "SI.14"]
[Time "13:16:35"]
[PlyCount "85"]
[TimeControl "2400+10"]

1. e4 c5 2. Nf3 d6 3. d4 cxd4 4. Nxd4 Nf6 5. Nc3 a6 6. Be3 e5 7. Nb3 Be6 8.
f3 h5 9. Nd5 Bxd5 10. exd5 Nbd7 11. Qd2 Rc8 12. c4 g6 13. Be2 Bg7 14. O-O
O-O 15. Na5 Qc7 16. b4 b6 17. Nc6 Nb8 18. Nxb8 Rxb8 19. Rac1 Qd7 20. h3 Rfc8
21. Rfd1 Rd8 22. f4 exf4 23. Bxf4 Rbc8 24. Bf3 Re8 25. Qf2 Qd8 26. Qg3 Ne4
27. Bxe4 Rxe4 28. Bxd6 Rexc4 29. Rxc4 Rxc4 30. Be5 Bxe5 31. Qxe5 Qd7 32.
Qb8+ Qc8 33. Qxb6 Rc1 34. Qd4 Rxd1+ 35. Qxd1 Qd7 36. d6 Kf8 37. Qd4 Kg8 38.
Kh2 g5 39. Qc5 g4 40. Qc7 Qf5 41. d7 gxh3 42. d8=Q+ Kh7 43. Qg3 {Black
resigns} 1-0

[Event "ICC tourney 3188 (40 10)"]
[Site "Internet Chess Club"]
[Date "2023.05.06"]
[Round "2"]
[White "INDUKURI, SUHAS VARMA:Suhas12"]
[Black "Volkov, Sergey:Volkov"]
[Result "0-1"]
[ICCResult "White checkmated"]
[WhiteElo "1832"]
[BlackElo "2503"]
[Opening "French: Tarrasch, closed variation, main line"]
[ECO "C06"]
[NIC "FR.17"]
[Time "13:16:42"]
[PlyCount "112"]
[TimeControl "2400+10"]

1. e4 e6 2. d4 d5 3. Nd2 Nf6 4. e5 Nfd7 5. c3 c5 6. Bd3 Nc6 7. Ne2 cxd4 8.
cxd4 f6 9. exf6 Nxf6 10. Nf3 Bd6 11. O-O O-O 12. Bg5 Bd7 13. Nc3 Qb6 14. Bc2
Rae8 15. Re1 Re7 16. Qd2 Be8 17. h3 Bh5 18. g4 Be8 19. Rad1 h6 20. Bxf6 Rxf6
21. Kg2 Bf4 22. Qe2 Bg6 23. Bxg6 Rxg6 24. Nh4 Rf6 25. Nf3 Ref7 26. Na4 Qa5
27. Nc5 Bd6 28. Nb3 Qxa2 29. Nc5 Rxf3 30. Qxf3 Rxf3 31. Kxf3 Nxd4+ 32. Rxd4
Bxc5 33. Rd2 Bb4 34. Red1 Bxd2 35. Rxd2 Qb3+ 36. Ke2 Qxh3 37. g5 Qg4+ 38. f3
Qxg5 39. Rd3 h5 40. f4 Qxf4 41. Rf3 Qc4+ 42. Kf2 Qd4+ 43. Kg2 Qxb2+ 44. Kg3
Qd4 45. Re3 Qxe3+ 46. Kh4 Qf4+ 47. Kxh5 Qf8 48. Kg5 a6 49. Kg4 a5 50. Kg3 a4
51. Kg2 a3 52. Kg1 a2 53. Kg2 a1=Q 54. Kg3 Qg1+ 55. Kh3 Qf3+ 56. Kh4 Qfh1#
{White checkmated}
0-1

[Event "ICC tourney 3188 (40 10)"]
[Site "Internet Chess Club"]
[Date "2023.05.06"]
[Round "2"]
[White "Ozturk, Serkan:Serkanozt77"]
[Black "Pendse, Vihaan:awakeprize"]
[Result "1-0"]
[ICCResult "Black resigns"]
[WhiteElo "1844"]
[BlackElo "2007"]
[Opening "Sicilian: dragon variation"]
[ECO "B70"]
[NIC "SI.15"]
[Time "13:45:06"]
[PlyCount "57"]
[TimeControl "2400+10"]

1. e4 c5 2. Nf3 d6 3. d4 cxd4 4. Nxd4 Nf6 5. Nc3 g6 6. Bc4 Bg7 7. O-O O-O 8.
Kh1 a6 9. f4 Nxe4 10. Bxf7+ Rxf7 11. Nxe4 Nc6 12. Be3 h6 13. c3 Nxd4 14.
Bxd4 Qf8 15. Bxg7 Kxg7 16. Qd4+ Kh7 17. Ng3 Bd7 18. Rae1 Rc8 19. h4 Bb5 20.
Rf2 e5 21. Qe4 exf4 22. h5 Qg7 23. Rxf4 Rcf8 24. Rg4 Rf6 25. hxg6+ Rxg6 26.
Nh5 Bc6 27. Qb1 Qg8 28. Re7+ Rf7 29. Nf6+ {Black resigns} 1-0

[Event "ICC tourney 3188 (40 10)"]
[Site "Internet Chess Club"]
[Date "2023.05.06"]
[Round "2"]
[White "KOEHL, EVAN:MacAndSneeze"]
[Black "Belous, Vladimir:Openyagami"]
[Result "1/2-1/2"]
[ICCResult "Game drawn by repetition"]
[WhiteElo "2037"]
[BlackElo "2594"]
[Opening "Sicilian: Nimzovich-Rossolimo attack (with ...g6, without ...d6)"]
[ECO "B31"]
[NIC "SI.31"]
[Time "13:23:29"]
[PlyCount "82"]
[TimeControl "2400+10"]

1. e4 c5 2. Nf3 Nc6 3. Bb5 g6 4. O-O Bg7 5. c3 Nf6 6. Re1 O-O 7. d4 cxd4 8.
cxd4 d6 9. Nc3 Bg4 10. Be3 Nd7 11. Bxc6 bxc6 12. Rb1 Nb6 13. h3 Bxf3 14.
Qxf3 Nc4 15. Qe2 Nxe3 16. Qxe3 Qb6 17. Red1 Rab8 18. Ne2 Rfc8 19. b3 c5 20.
dxc5 Rxc5 21. Rbc1 Rxc1 22. Qxc1 Qa6 23. Qd2 Rc8 24. Rc1 Rxc1+ 25. Nxc1 Qc6
26. f3 Bc3 27. Qe3 Bf6 28. Qd2 Qc5+ 29. Kh1 Bg5 30. f4 Bf6 31. Ne2 Qf2 32.
Qd3 h5 33. a4 h4 34. Kh2 e5 35. Qxd6 exf4 36. Qxf6 Qxe2 37. e5 Qe3 38. Qd8+
Kg7 39. Qf6+ Kg8 40. Qd8+ Kg7 41. Qf6+ Kg8 {Game drawn by repetition}
1/2-1/2

[Event "ICC tourney 3188 (40 10)"]
[Site "Internet Chess Club"]
[Date "2023.05.06"]
[Round "2"]
[White "LU, JOSHUA:qingjoshua"]
[Black "ZHAO, DANSON:K01-30127679"]
[Result "1-0"]
[ICCResult "Black checkmated"]
[WhiteElo "2095"]
[BlackElo "1588"]
[Opening "English: Sicilian reversed"]
[ECO "A25"]
[NIC "EO.20"]
[Time "13:17:26"]
[PlyCount "195"]
[TimeControl "2400+10"]

1. c4 e5 2. Nc3 Nc6 3. g3 d6 4. Bg2 f5 5. d3 Nf6 6. Nf3 Be7 7. Rb1 a5 8. a3
O-O 9. O-O Qe8 10. Nd5 Bd8 11. b4 axb4 12. axb4 Nxd5 13. cxd5 Ne7 14. Qb3 b5
15. Bd2 h6 16. Ra1 Bb7 17. Rxa8 Bxa8 18. e4 Ng6 19. Bh3 f4 20. Ne1 Bg5 21.
Qc2 Qe7 22. Ng2 Bb7 23. Bf5 Rf6 24. h4 Bxh4 25. gxh4 f3 26. Ne1 Nxh4 27. Bh3
Rg6+ 28. Kh2 Kh8 29. Qd1 Rf6 30. Rg1 g5 31. Rg3 Qf8 32. Qc1 Ng2 33. Nxg2
fxg2 34. Rxg2 Rxf2 35. Kg1 Rxg2+ 36. Kxg2 Qe7 37. Qf1 Kg7 38. Be6 c6 39.
dxc6 Bxc6 40. Qf5 Be8 41. Bd5 Bd7 42. Qf3 Be8 43. Kg3 Bd7 44. Bc3 Be8 45. d4
Bd7 46. dxe5 dxe5 47. Bb2 Qf6 48. Qxf6+ Kxf6 49. Bc1 h5 50. Be3 Be8 51. Bb7
Bd7 52. Bb6 h4+ 53. Kg2 Kg6 54. Bd5 Kf6 55. Bc7 Be8 56. Bb7 Bd7 57. Ba8 Be8
58. Bd5 Bd7 59. Bb3 Be8 60. Bd1 Bg6 61. Bd8+ Ke6 62. Bc2 g4 63. Bxh4 Bh5 64.
Kg3 Kd7 65. Bf6 Ke6 66. Bg7 Kd6 67. Kh4 Bf7 68. Kxg4 Bc4 69. Kf5 Be6+ 70.
Kf6 Bc4 71. Bf8+ Kd7 72. Kxe5 Ke8 73. Bc5 Kd7 74. Kd4 Ke6 75. Ba7 Ke7 76.
Kc5 Ke6 77. Kd4 Kd7 78. Bd3 Bxd3 79. Kxd3 Kc6 80. Be3 Kb7 81. Kd4 Kc7 82.
Kc5 Kc8 83. Kxb5 Kd8 84. Ka6 Kc8 85. Ka7 Kc7 86. b5 Kd6 87. b6 Ke5 88. b7
Kxe4 89. b8=Q Kxe3 90. Qb4 Ke2 91. Qc3 Kf1 92. Qd2 Kg1 93. Kb6 Kh1 94. Kc5
Kg1 95. Kd4 Kh1 96. Ke3 Kg1 97. Kf3 Kh1 98. Qg2# {Black checkmated} 1-0

[Event "ICC tourney 3188 (40 10)"]
[Site "Internet Chess Club"]
[Date "2023.05.06"]
[Round "2"]
[White "CHINNI, RISHABH:alphachesplayer"]
[Black "VALE CRUZ, ARMIN:trucker"]
[Result "1-0"]
[ICCResult "Black resigns"]
[WhiteElo "1987"]
[BlackElo "1784"]
[Opening "Caro-Kann: two knights variation"]
[ECO "B10"]
[NIC "CK.01"]
[Time "13:16:33"]
[PlyCount "87"]
[TimeControl "2400+10"]

1. e4 c6 2. Nf3 d5 3. Nc3 dxe4 4. Nxe4 Nf6 5. Qe2 Nxe4 6. Qxe4 Nd7 7. Bc4
Nf6 8. Ne5 e6 9. Qe2 Bd6 10. d4 O-O 11. Bg5 Qa5+ 12. Bd2 Qb6 13. c3 Qxb2 14.
O-O Rd8 15. Rfb1 Qa3 16. Rb3 Qa5 17. Bd3 Bxe5 18. dxe5 Nd7 19. Bg5 f6 20.
Qh5 Nxe5 21. Bxh7+ Kf8 22. Be3 Qd5 23. Be4 Qxe4 24. Qh8+ Kf7 25. Qxd8 b6 26.
Rb4 Qd3 27. Qxd3 Nxd3 28. Rd4 Ba6 29. Rd7+ Kg6 30. Rd1 Ne5 31. Re7 Bc4 32.
a3 c5 33. h4 Rh8 34. Bf4 Rxh4 35. Bxe5 fxe5 36. Rdd7 Rh7 37. Rxa7 e4 38.
Rab7 Kf6 39. Rf7+ Kg6 40. Rfc7 Bd5 41. Rxb6 c4 42. a4 Kf5 43. a5 g5 44. Rxh7
{Black resigns}
1-0